 Dungeon Crawl Stone Soup version 0.29-a0-506-ga2e7fffb44 (webtiles) character file.

Game seed: 14489034005572194721

35441 quokkamancerX the Sharpshooter (level 14, -1/81 HPs)
             Began as a Human Hunter on May 28, 2022.
             Was a High Priest of Hepliaklqana.
             Succumbed to a black mamba's poison
             ... on level 3 of the Lair of Beasts.
             The game lasted 00:53:04 (19921 turns).

quokkamancerX the Sharpshooter (Human Hunter)      Turns: 19921, Time: 00:53:05

Health: -1/81      AC: 14    Str: 16    XL:     14   Next: 18%
Magic:  21/21      EV: 16    Int: 14    God:    Hepliaklqana [*****.]
Gold:   1009       SH:  5    Dex: 21    Spells: 13/13 levels left

rFire   . . .      SeeInvis .   a - +4 triple crossbow
rCold   . . .      Faith    .   (shield currently unavailable)
rNeg    + . .      Spirit   .   V - +0 acid dragon scales
rPois   .          Reflect  +   k - +0 helmet
rElec   .          Harm     .   J - +2 cloak "Beali" {rN+ Str+4}
rCorr   +          Rampage  .   A - +2 pair of gloves
Will    ++...                   i - +0 pair of boots of Bumusk {Will+ Int+4}
Stlth   ++++......              q - amulet of reflection
HPRegen 0.23/turn               h - +4 ring of evasion
MPRegen 0.17/turn               D - +4 ring of slaying

@: lethally poisoned (-1 -> -20)
A: reduced essence
a: Renounce Religion, Recall Ancestor, Ancestor Identity, Transference, Idealise


You were on level 3 of the Lair of Beasts.
You worshipped Hepliaklqana.
Hepliaklqana was extremely pleased with you.
You visited 3 branches of the dungeon, and saw 17 of its levels.

You collected 1165 gold pieces.
You spent 156 gold pieces at shops.

Inventory:

Hand Weapons
 a - a +4 triple crossbow (weapon)
Missiles
 E - 2 throwing nets
 N - 4 curare-tipped darts
Armour
 i - the +0 pair of boots of Bumusk (worn) {Will+ Int+4}
   (You found it on level 4 of the Lair of Beasts)

   Int:       It affects your intelligence (+4).
   Will:      It increases your willpower.
 k - a +0 helmet (worn)
 A - a +2 pair of gloves (worn)
 J - the +2 cloak "Beali" (worn) {rN+ Str+4}
   (You found it on level 1 of the Lair of Beasts)

   Str:       It affects your strength (+4).
   rN:        It protects you from negative energy.
 V - +0 acid dragon scales (worn)
Jewellery
 h - a +4 ring of evasion (left hand)
 q - an amulet of reflection (around neck)
 C - a ring of see invisible
 D - a +4 ring of slaying (right hand)
 F - a ring of ice
 O - a ring of fire
Wands
 b - a wand of acid (3)
 m - a wand of mindburst (13)
 y - a wand of flame (18)
 G - a wand of charming (6)
 H - a wand of digging (4)
 I - a wand of iceblast (30)
 R - a wand of paralysis (5)
 S - a wand of polymorph (11)
Scrolls
 c - 2 scrolls of immolation
 e - 6 scrolls of teleportation
 l - 3 scrolls of magic mapping
 n - 2 scrolls of fog
 r - 2 scrolls of poison
 t - 2 scrolls of blinking {unknown}
 M - a scroll of vulnerability
 P - 3 scrolls of fear {unknown}
 Q - a scroll of silence {unknown}
 U - a scroll of brand weapon {unknown}
 W - a scroll of enchant armour
Potions
 d - 7 potions of flight
 f - 6 potions of attraction
 g - 3 potions of brilliance
 j - 3 potions of heal wounds
 o - 8 potions of mutation
 p - 10 potions of curing
 s - a potion of cancellation {unknown}
 u - 5 potions of ambrosia
 v - 4 potions of haste
 x - 2 potions of might
 z - 3 potions of resistance
 B - a potion of magic {unknown}
 L - 2 potions of lignification
 T - 2 potions of invisibility


   Skills:
 - Level 2.0 Fighting
 + Level 19.5 Crossbows
 - Level 2.0 Dodging
 - Level 10.0 Stealth
 - Level 10.0 Invocations


You had 13 spell levels left.
You didn't know any spells.
Your spell library contained the following spells:

 Spells                   Type           Power      Damage    Failure   Level
 Freeze                   Ice            0%         1d3       36%         1
 Magic Dart               Conj           0%         1d3       36%         1
 Shock                    Conj/Air       0%         1d3       36%         1
 Call Imp                 Summ           0%         N/A       52%         2
 Static Discharge         Conj/Air       0%         N/A       52%         2
 Call Canine Familiar     Summ           0%         N/A       75%         3
 Conjure Flame            Conj/Fire      0%         6-21      75%         3
 Ignite Poison            Fire/Tmut/Pois 0%         N/A       75%         3
 Mephitic Cloud           Conj/Pois/Air  0%         N/A       75%         3
 Portal Projectile        Hex/Tloc       0%         N/A       75%         3
 Stone Arrow              Conj/Erth      0%         3d7       75%         3
 Airstrike                Air            0%         N/A       98%         4
 Animate Armour           Summ/Erth      0%         N/A       98%         4
 Leda's Liquefaction      Hex/Erth       0%         N/A       98%         4
 Sticky Flame             Conj/Fire      0%         2d3       98%         4
 Summon Ice Beast         Ice/Summ       0%         N/A       98%         4
 Summon Lightning Spire   Summ/Air       0%         N/A       98%         4
 Freezing Cloud           Conj/Ice/Air   0%         6-21      100%        5
 Lightning Bolt           Conj/Air       0%         1d11      100%        5
 Dispersal                Tloc           0%         N/A       100%        6
 Simulacrum               Ice/Necr       0%         N/A       100%        6
 Malign Gateway           Summ/Tloc      0%         N/A       100%        7
 Storm Form               Tmut/Air       0%         N/A       100%        7
 Disjunction              Tloc           0%         N/A       100%        8
 Infestation              Necr           0%         N/A       100%        8
 Lehudib's Crystal Spear  Conj/Erth      0%         10d2      100%        8
 Maxwell's Capacitive Co  Air            0%         ∞         100%        8
 Summon Horrible Things   Summ           0%         N/A       100%        8
 Dragon's Call            Summ           0%         N/A       100%        9


Dungeon Overview and Level Annotations

Branches:
Dungeon (12/15)            Temple (1/1) D:6            Lair (4/6) D:11
  Swamp (0/4) Lair:2        Snake (0/4) Lair:3          Orc (0/2) D:10

Altars:
Ashenzari
Cheibriados
Dithmenos
Elyvilon
Fedhas
Gozag
Hepliaklqana
Kikubaaqudgha
Makhleb
Nemelex Xobeh
Okawaru
Qazlal
Ru
Sif Muna
Trog
Uskayaw
Vehumet
Wu Jian
Xom
Yredelemnul
Zin
The Shining One
Beogh

Shops:
D:7 (   D:10 :

Portals:
Trove: D:11 (give +3 shadow dragon scales)

Annotations:
D:2 exclusion: downstairs
D:4 2 transporters, jlumianski's ghost, amateur DgFE


Message History

The black mamba attacks as you move away!
The black mamba closely misses you.
You feel very sick. You block the black mamba's attack.
The yak gores Lydia!!
Lydia closely misses the yak.
You feel very sick. The black mamba misses you.
You block the black mamba's attack.
The yak gores Lydia.
Lydia hits the yak with a +0 flail!!
The yak attacks as you move away! The yak misses you.
You feel sick.
The yak gores Lydia.
The black mamba bites you but does no damage.
Lydia barely misses the yak.
The black mamba attacks as you move away!
The black mamba misses you.
You feel sick.
Something gores Lydia!
The black mamba bites you!
You feel sick.
The yak snorts and paws the ground.
The yak gores you but does no damage.
You feel sick. The black mamba misses you. The yak attacks as you move away!
The yak barely misses you.
You feel sick.
The black mamba bites you but does no damage.
The yak attacks as you move away! The yak barely misses you.
You feel sick. The black mamba bites you.
You feel sick.
The black mamba bites you but does no damage.
The yak attacks as you move away! The yak barely misses you.
You feel sick.
You are no longer poisoned.
There is a fountain of clear blue water here.
The black mamba bites you!
* * * LOW HITPOINT WARNING * * *
The black mamba closely misses you.
There is a stone staircase leading up here.
The black mamba bites you.
* * * LOW HITPOINT WARNING * * *
The yak gores you but does no damage. The black mamba bites you!
* * * LOW HITPOINT WARNING * * *
You are lethally poisoned!
The black mamba poisons you!
You climb upwards.
You die...

#..###.##.........#
###...............#
#..P.#............
##..##.########..#
#.###.P# #...
###.#...### #...
#.........#######P.
##..........#......
##@S...........P##.
#Y###.#........###.
### ###.........##.
#............
#........##P#
##.......####
#........##.
####.#......
##.#P#..P.


You could see a black mamba and a yak.

Vanquished Creatures
  2 hydras
  Fannar (Lair:1)
  2 centaur warriors (D:9)
  3 two-headed ogres
  Sonja (Lair:2)
  A deep elf pyromancer (D:12)
  Pikel (D:8)
  A cyclops (D:9)
  3 elephants
  3 black mambas
  2 cane toads
  2 gargoyles (D:12)
  2 rime drakes (Lair:4)
  An efreet (D:9)
  A komodo dragon (Lair:1)
  2 trolls (D:9)
  Grinder (D:3)
  2 slime creatures (D:12)
  A hornet (D:10)
  6 blink frogs
  Sigmund (D:4)
  A vampire (D:12)
  4 water elementals (D:11)
  29 yaks
  3 wraiths
  Eustachio (D:4)
  2 basilisks (Lair:2)
  A wyvern (Lair:2)
  A steam dragon (D:10)
  2 acid dragons (D:11)
  4 nagas (Lair:3)
  5 water moccasins
  4 orc warriors
  Pargi (D:3)
  3 ice beasts
  2 black bears
  2 centaurs
  3 ogres
  A lemure (D:8)
  2 kobold brigands
  Blork the orc (D:4)
  15 bullfrogs
  A necrophage (D:5)
  A gnoll sergeant (D:9)
  3 scorpions
  3 wights (D:6)
  4 killer bees
  A howler monkey (D:9)
  3 hounds
  2 gnoll shamans
  3 orc priests
  A human zombie (D:6)
  An iron imp (D:9)
  5 orc wizards
  Natasha (thrice) (D:2)
  2 iguanas
  4 hell rats
  Robin (D:3)
  10 gnolls
  5 adders
  2 shadow imps
  2 ufetubi
  5 worms
  A dart slug (D:2)
  35 orcs
  6 ball pythons
  5 bats
  7 endoplasms
  2 giant cockroaches (D:2)
  8 hobgoblins
  6 jackals
  4 quokkas
  3 training dummies (D:7)
  2 frilled lizards (D:2)
  18 goblins
  13 kobolds
  A kobold zombie (D:6)
  5 rats
304 creatures vanquished.

Vanquished Creatures (collateral kills)
  A hydra (Lair:1)
  A two-headed ogre (D:11)
  A deep elf pyromancer (D:9)
  2 cyclopes
  5 elephants
  A cane toad (Lair:2)
  3 komodo dragons
  3 kobold demonologists (D:9)
  A troll (D:12)
  A polar bear (Lair:3)
  5 blink frogs
  A slime creature (D:12)
  A wraith (D:10)
  16 yaks
  A wyvern (D:9)
  2 basilisks
  A naga (Lair:3)
  A water moccasin (Lair:2)
  2 orc warriors
  A centaur (D:11)
  2 bullfrogs (Lair:3)
  4 killer bees
  3 orc wizards
  9 orcs
  6 kobolds
74 creatures vanquished.

Vanquished Creatures (others)
  A killer bee (D:10)
  6 knights
  8 fungi
  10 plants
25 creatures vanquished.

Grand Total: 403 creatures vanquished

Notes
Turn   | Place    | Note
-------+----------+-------------------------------------------
     0 | D:1      | quokkamancerX the Human Hunter began the quest for the Orb.
     0 | D:1      | Reached XP level 1. HP: 16/16 MP: 1/1
   453 | D:1      | Reached XP level 2. HP: 22/22 MP: 2/2
   555 | D:1      | Found a faded altar of an unknown god.
   674 | D:1      | HP: 1/22 [gnoll/+0 flail (13)]
   676 | D:1      | Reached XP level 3. HP: 1/27 MP: 3/3
  1297 | D:2      | Reached XP level 4. HP: 33/33 MP: 4/4
  2147 | D:2      | Noticed Natasha
  2157 | D:2      | Killed Natasha
  2158 | D:2      | Reached skill level 5 in Crossbows
  2158 | D:2      | Reached XP level 5. HP: 28/38 MP: 5/5
  2278 | D:2      | Noticed Natasha
  2289 | D:2      | Killed Natasha
  3118 | D:2      | Noticed Natasha
  3127 | D:2      | Killed Natasha
  3183 | D:3      | Noticed Robin
  3297 | D:3      | Noticed Grinder
  3330 | D:3      | Killed Grinder
  3331 | D:3      | Reached skill level 6 in Crossbows
  3331 | D:3      | Reached skill level 5 in Stealth
  3331 | D:3      | Reached XP level 6. HP: 43/44 MP: 6/6
  3351 | D:3      | Reached XP level 7. HP: 50/50 MP: 7/7
  3622 | D:3      | Reached skill level 7 in Crossbows
  3802 | D:3      | Noticed Pargi
  3816 | D:3      | Killed Pargi
  4080 | D:3      | Killed Robin
  4401 | D:4      | Found a transporter.
  4404 | D:4      | Found a transporter.
  4404 | D:4      | Noticed jlumianski's ghost (amateur DgFE)
  4498 | D:4      | Noticed Sigmund
  4512 | D:4      | Killed Sigmund
  4513 | D:4      | Reached skill level 8 in Crossbows
  4513 | D:4      | Reached XP level 8. HP: 45/56 MP: 8/8
  4695 | D:4      | Found a burning altar of Makhleb.
  4770 | D:4      | Noticed Eustachio
  4786 | D:4      | Killed Eustachio
  4949 | D:4      | Noticed Blork the orc
  4959 | D:4      | Killed Blork the orc
  4960 | D:4      | Reached skill level 9 in Crossbows
  5022 | D:5      | Entered Level 5 of the Dungeon
  5446 | D:5      | Reached skill level 10 in Crossbows
  5532 | D:5      | Reached XP level 9. HP: 46/61 MP: 9/9
  6394 | D:6      | Found a staircase to the Ecumenical Temple.
  6435 | Temple   | Entered the Ecumenical Temple
  6662 | Temple   | Became a worshipper of Hepliaklqana the Forgotten
  7393 | D:6      | Reached skill level 1 in Invocations
  7428 | D:6      | Found a runed translucent door.
  7485 | D:6      | Found a basalt altar of Yredelemnul.
  7984 | D:7      | Found a stormy altar of Qazlal.
  7995 | D:7      | Found a bloodstained altar of Trog.
  8000 | D:7      | Found an ornate altar of the Wu Jian Council.
  8000 | D:7      | Found a shadowy altar of Dithmenos.
  8349 | D:7      | Reached skill level 5 in Invocations
  8707 | D:7      | Reached * piety under Hepliaklqana
  8917 | D:7      | Found Datait's Firing Range.
  8940 | D:7      | Bought a throwing net for 36 gold pieces
  8940 | D:7      | Bought a +0 triple crossbow for 120 gold pieces
  9274 | D:8      | Reached XP level 10. HP: 60/60 MP: 14/14
  9586 | D:8      | Reached ** piety under Hepliaklqana
  9587 | D:8      | Remembered your ancestor Lydia as a knight
  9993 | D:8      | Got the Grimoire of Destructive Unholy Rituals
 10035 | D:8      | Noticed Pikel
 10399 | D:8      | Killed Pikel
 10542 | D:9      | Noticed a deep elf pyromancer
 10544 | D:9      | Noticed a centaur warrior
 10544 | D:9      | Noticed a kobold demonologist
 10850 | D:9      | Killed a kobold demonologist
 10850 | D:9      | Noticed a kobold demonologist
 10851 | D:9      | Killed a kobold demonologist
 10874 | D:9      | Reached skill level 11 in Crossbows
 10943 | D:9      | Killed a deep elf pyromancer
 10951 | D:9      | Noticed a cyclops
 10953 | D:9      | Killed a cyclops
 11090 | D:9      | Noticed a four-headed hydra
 11094 | D:9      | Killed a centaur warrior
 11095 | D:9      | Reached XP level 11. HP: 12/64 MP: 16/18
 11166 | D:9      | Killed a four-headed hydra
 11167 | D:9      | Reached skill level 12 in Crossbows
 11167 | D:9      | Reached skill level 10 in Invocations
 11317 | D:9      | Found a broken altar of Ashenzari.
 11347 | D:9      | Found a radiant altar of Vehumet.
 11382 | D:9      | Got the Guide on Cold and Companions
 11392 | D:9      | Noticed a centaur warrior
 11406 | D:9      | Killed a centaur warrior
 11514 | D:9      | Found a snail-covered altar of Cheibriados.
 11598 | D:9      | Reached skill level 13 in Crossbows
 11780 | D:10     | Entered Level 10 of the Dungeon
 11823 | D:10     | Found Sethrec's Book Emporium.
 12179 | D:10     | Found a staircase to the Orcish Mines.
 12325 | D:10     | Reached *** piety under Hepliaklqana
 12419 | D:10     | Noticed a two-headed ogre
 12425 | D:10     | Killed a two-headed ogre
 12426 | D:10     | Reached skill level 14 in Crossbows
 12466 | D:10     | Got Dispater's Volume of Summoning
 12720 | D:11     | Reached XP level 12. HP: 70/70 MP: 19/19
 12765 | D:11     | Found a portal to a secret trove of treasure.
 12895 | D:11     | Noticed a two-headed ogre
 12908 | D:11     | HP: 1/70 [two-headed ogre/+0 giant club (35)]
 12909 | D:11     | Killed a two-headed ogre
 13371 | D:11     | Found a staircase to the Lair.
 13749 | D:11     | Reached skill level 15 in Crossbows
 14026 | D:11     | Reached **** piety under Hepliaklqana
 14357 | D:12     | Noticed a two-headed ogre
 14361 | D:12     | Killed a two-headed ogre
 14362 | D:12     | Reached skill level 16 in Crossbows
 14653 | D:12     | Noticed a two-headed ogre
 14664 | D:12     | Killed a two-headed ogre
 14714 | D:12     | Identified the +0 robe of the World {-Cast Regen+ SInv}
 14993 | Lair:1   | Entered Level 1 of the Lair of Beasts
 14996 | Lair:1   | Found a basalt altar of Yredelemnul.
 15109 | D:11     | Reached skill level 17 in Crossbows
 15413 | D:11     | Reached XP level 13. HP: 59/74 MP: 20/20
 15886 | Lair:1   | Noticed a six-headed hydra
 15890 | Lair:1   | Killed a six-headed hydra
 15904 | Lair:1   | Noticed Fannar
 15915 | Lair:1   | Killed Fannar
 16229 | Lair:1   | Identified the +2 cloak "Beali" {rN+ Str+4}
 16360 | Lair:1   | Reached ***** piety under Hepliaklqana
 16402 | Lair:2   | Reached skill level 18 in Crossbows
 17206 | Lair:2   | Noticed Sonja
 17211 | Lair:2   | Killed Sonja
 17480 | Lair:2   | Found a staircase to the Swamp.
 17573 | Lair:2   | Noticed a five-headed hydra
 17821 | Lair:2   | Killed a five-headed hydra
 18524 | Lair:3   | Found a staircase to the Snake Pit.
 19074 | Lair:4   | Identified the +0 pair of boots of Bumusk {Will+ Int+4}
 19181 | Lair:3   | Reached skill level 19 in Crossbows
 19292 | Lair:3   | Reached skill level 10 in Stealth
 19292 | Lair:3   | Reached XP level 14. HP: 81/81 MP: 21/21
 19921 | Lair:3   | Succumbed to a black mamba's poison

Illustrated notes

Levels and vault maps discovered:
D:1:      psy_arrival_conway, layout_basic, ebering_ecumenical_altar_box,
          nicolae_grassy_gnolls
D:2:      minmay_recursive_quarters, layout_basic, minmay_crystal_room,
          kennysheep_generic_room_10, uniq_natasha
D:3:      layout_rooms, st_stairs_12, uniq_grinder, uniq_robin, uniq_pargi
D:4:      wad_crossroads, layout_gridville, bloody_makhleb,
          gammafunk_ghost_arena, uniq_eustachio, uniq_blork_the_orc,
          uniq_sigmund
D:5:      layout_layer_cave
D:6:      layout_loops_cross, dk_yredelemnul_ordeal,
          minmay_temple_entry_junction_2
D:7:      layout_basic, grunt_temple_overflow_open, nicolae_shop_firing_range
D:8:      layout_cave_pods, uniq_pikel
D:9:      minmay_cut_squares, layout_basic, mainiacjoe_overflow_big_doors,
          slow_altar_2, skrybe_limestone_x
D:10:     layout_long_grid, david_orc_2, special_room [special_room_orc],
          serial_shops, nicolae_shop_behind_doors
D:11:     layout_roguey, lair_entry_dummy, nicolae_trove_entry_isolated,
          nicolae_underground_beach
D:12:     layout_irregular_city
Temple:   nicolae_temple_figure_eight
Lair:1:   layout_hall_layers, basic_altar, lemuel_fruit_fields, uniq_fannar
Lair:2:   layout_roguey, swamp_mist, infiniplex_staircase_pool,
          grunt_megastairs_5, uniq_sonja
Lair:3:   layout_loops_ring, minmay_snake_entry_guardpost_medium
Lair:4:   layout_gridlike, serial_bayou_shore_b, grunt_megastairs_3

Skill      XL: |  1  2  3  4  5  6  7  8  9 10 11 12 13 |
---------------+----------------------------------------+-----
Stealth        | 2 3 5 8 10 | 10.0
Crossbows      | 5 6 8 10 11 14 17 19 | 19.5
Invocations    | 6 9 10 | 10.0
Fighting       | |  2.0
Dodging        | |  2.0

Action                   |  1- 3 |  4- 6 |  7- 9 | 10-12 | 13-15 || total
-------------------------+-------+-------+-------+-------+-------++-------
 Fire: Hand crossbow     |    67 |   129 |   477 |       |       ||   673
       Triple crossbow   |       |       |     2 |   263 |   228 ||   493
Invok: Recall Ancestor   |       |       |       |     6 |     7 ||    13
       Ancestor Identity |       |       |       |     2 |       ||     2
       Ancestor Life: Kn |       |       |       |     1 |       ||     1
  Use: Scroll            |     1 |     2 |     4 |    12 |    11 ||    30
Armor: Leather armour    |     9 |    23 |    42 |     6 |       ||    80
       Troll leather arm |       |       |       |    19 |       ||    19
       Acid dragon scale |       |       |       |    20 |    65 ||    85
Dodge: Dodged            |    12 |    53 |   168 |   131 |   128 ||   492
Block: Other             |       |       |    34 |    32 |    40 ||   106
       Reflection        |       |       |       |     3 |     1 ||     4

Table legend: (Time is in decaauts)
 A = Elapsed time spent in this place.
 B = Non-inter-level travel time spent in this place.
 C = Inter-level travel time spent in this place.
 D = Time resting spent in this place.
 E = Time spent auto-exploring this place.
 F = Levels seen in this place.
 G = Mean time per level.
                   A        B        C        D        E       F      G
               +--------+--------+--------+--------+--------+-----+--------+
         Total |  20329 |  19640 |    689 |   4943 |  10698 |  17 | 1195.8 |
       Dungeon |  15518 |  14981 |    537 |   3311 |   8698 |  12 | 1293.2 |
        Temple |    244 |    228 |     16 |      0 |    208 |   1 |  244.0 |
          Lair |   4566 |   4430 |    136 |   1632 |   1791 |   4 | 1141.5 |
               +--------+--------+--------+--------+--------+-----+--------+

Top non-repeatable levels by time:
     D:2: 2131 daAuts
    D:11: 2089 daAuts
  Lair:1: 1634 daAuts
     D:8: 1429 daAuts
     D:7: 1406 daAuts
     D:6: 1328 daAuts
     D:5: 1301 daAuts
  Lair:3: 1272 daAuts
     D:1: 1151 daAuts
     D:9: 1143 daAuts
  Lair:2: 1027 daAuts
     D:3: 983 daAuts
    D:10: 900 daAuts
     D:4: 866 daAuts
    D:12: 786 daAuts
